 Dungeon Crawl Stone Soup version 0.31.0-4-g52a2dc7128 (webtiles) character file.

Game seed: 6165155180749728202

366222 case the Conqueror (level 21, -3/224 HPs)
             Began as a Minotaur Berserker on Jan 21, 2024.
             Was the Champion of Trog.
             Slain by an orc warlord
             ... wielding a +0 long sword of electrocution
              (25 damage)
             ... on level 3 of the Vaults.
             The game lasted 01:38:33 (34528 turns).

case the Conqueror (Minotaur Berserker)            Turns: 34528, Time: 01:38:44

Health: -3/224     AC: 22    Str: 35    XL:     21   Next: 59%
Magic:  20/20      EV: 21    Int:  6    God:    Trog [******]
Gold:   5624       SH:  0    Dex: 17    Spells: 20/20 levels left

rFire   + + +        C - +9 executioner's axe (flame)
rCold   + + .        (shield currently unavailable)
rNeg    + . .        E - +2 acid dragon scales "Finwij" {-Cast Rampage rPois Regen+ rCorr}
rPois   +            w - +1 hat of Noon {rF+ rC+ Dex+4 Slay+3}
rElec   +            s - scarf {repulsion}
rCorr   +            e - +1 pair of gloves of Dunejed {rElec Will+ Str-2 Dex+3}
SInv    .            t - +2 pair of boots
Will    +++++        f - amulet of regeneration
Stlth   +            Y - ring "Usiczo" {rF+ Str+6}
HPRegen 3.17/turn    N - ring of Icvo {+Blink rF+ rC+ rN+ Will+}
MPRegen 0.17/turn

%: no spellcasting, repel missiles, rampage
@: strong-willed, regenerating, studying 2 skills
A: horns 2, retaliatory headbutt
}: 2/15 runes: barnacled, gossamer
a: Renounce Religion, Evoke Blink, Berserk, Trog's Hand, Brothers in Arms


You were on level 3 of the Vaults.
You worshipped Trog.
Trog was exalted by your worship.
You visited 7 branches of the dungeon, and saw 36 of its levels.
You visited the Abyss 1 time.
You also visited: Bailey, Gauntlet, Volcano and Desolation.

You collected 7755 gold pieces.
You spent 2131 gold pieces at shops.

Inventory:

Hand Weapons
 C - a +9 executioner's axe of flaming (weapon)
 O - a +9 battleaxe of freezing
Armour
 b - a +2 plate armour of fire resistance
 e - the +1 pair of gloves of Dunejed (worn) {rElec Will+ Str-2 Dex+3}
   (You found it on level 14 of the Dungeon)

   Str-2:     It affects your strength (-2).
   Dex+3:     It affects your dexterity (+3).
   rElec:     It insulates you from electricity.
   Will+:     It increases your willpower.
 s - a scarf of repulsion (worn)
 t - a +2 pair of boots (worn)
 w - the +1 hat of Noon (worn) {rF+ rC+ Dex+4 Slay+3}
   (You acquired it on level 3 of the Spider Nest)

   Dex+4:     It affects your dexterity (+4).
   Slay+3:    It affects your accuracy & damage with ranged weapons and melee
   (+3).
   rF+:       It protects you from fire.
   rC+:       It protects you from cold.
 E - the +2 acid dragon scales "Finwij" (worn) {-Cast Rampage rPois Regen+ rCorr}
   (You found it on level 14 of the Dungeon)

   rPois:     It protects you from poison -Cast: It prevents spellcasting.
   Regen+:    It increases your rate of health regeneration.
   rCorr:     It protects you from acid and corrosion.
   Rampage:   It bestows one free step when moving towards enemies.
 G - the +9 plate armour "Aloudunk" {rPois Int+3 Dex-3}
   (You bought it in a shop on level 1 of the Elven Halls)

   Int+3:     It affects your intelligence (+3).
   Dex-3:     It affects your dexterity (-3).
   rPois:     It protects you from poison
 R - the +0 pair of boots of Truth {rPois rCorr}
   (You acquired it on level 4 of the Shoals)

   rPois:     It protects you from poison rCorr: It protects you from acid and
   corrosion.
 S - a scarf of resistance
Jewellery
 f - an amulet of regeneration (around neck)
 l - a +4 ring of protection
 x - a ring of flight
 N - the ring of Icvo (right hand) {+Blink rF+ rC+ rN+ Will+}
   (You acquired it on level 9 of the Dungeon)

   [ring of positive energy]

   rF+:       It protects you from fire.
   rC+:       It protects you from cold.
   rN+:       It protects you from negative energy.
   Will+:     It increases your willpower.
   +Blink:    It lets you blink.
 W - the ring "Nuis" {^Drain rPois rC+ Will+}
   (You took it off a minotaur in a Gauntlet)

   [ring of willpower]

   rC+:       It protects you from cold.
   rPois:     It protects you from poison Will+: It increases your willpower.
   ^Drain:    It drains your maximum health when unequipped.
 X - the ring "Gacueti" {rC+ rN++ Str+3}
   (You took it off a deep elf demonologist on level 3 of the Elven Halls)

   [ring of protection from cold]

   Str+3:     It affects your strength (+3).
   rC+:       It protects you from cold.
   rN++:      It greatly protects you from negative energy.
 Y - the ring "Usiczo" (left hand) {rF+ Str+6}
   (You found it in a Gauntlet)

   [ring of strength]

   Str+6:     It affects your strength (+6).
   rF+:       It protects you from fire.
 Z - a ring of protection from cold
Wands
 c - a wand of digging (3)
 u - a wand of roots (4)
 T - a wand of mindburst (21)
 U - a wand of acid (19)
Scrolls
 a - a scroll of vulnerability
 h - 7 scrolls of fear
 i - 16 scrolls of teleportation
 j - 5 scrolls of silence
 m - a scroll of torment
 n - 5 scrolls of fog
 q - 4 scrolls of poison
 y - 2 scrolls of enchant weapon
 B - 5 scrolls of summoning
 I - 9 scrolls of identify
 L - 6 scrolls of immolation
 P - 6 scrolls of revelation
 V - 3 scrolls of blinking
Potions
 d - 14 potions of mutation
 g - 6 potions of might
 k - a potion of magic
 o - 3 potions of resistance
 p - 2 potions of invisibility
 r - 6 potions of ambrosia
 v - 2 potions of haste
 z - 2 potions of berserk rage
 A - 5 potions of enlightenment
 D - 12 potions of curing
 F - 7 potions of lignification
 H - 10 potions of attraction
 J - 15 potions of heal wounds
 M - 5 potions of cancellation


   Skills:
 O Level 27 Fighting
 O Level 27 Axes
 * Level 23.6 Armour
 * Level 16.2 Dodging
 + Level 1.0 Evocations


You had 20 spell levels left.
You didn't know any spells.
Your spell library was empty.

Dungeon Overview and Level Annotations

Branches:
Dungeon (15/15)            Temple (0/1) D:6            Lair (5/5) D:9
 Shoals (4/4) Lair:2       Spider (4/4) Lair:3        Slime (0/5) Lair:4
    Orc (2/2) D:11            Elf (3/3) Orc:2        Vaults (3/5) D:14
  Crypt (0/3) Vaults:2     Depths (0/4) D:15         Bailey (visited)
Volcano (visited)         Desolation (visited)      Gauntlet (visited)

Altars:
Hepliaklqana
Makhleb
Nemelex Xobeh
Okawaru
Qazlal
Ru
Sif Muna
Trog
Uskayaw
Wu Jian
Yredelemnul
Jiyva

Shops:
D:3 [   D:4 *   D:8 (   D:14 :   Orc:2 [([(*   Elf:1 ([[   Elf:2 !   Shoals:1 (
Vaults:1 *   Vaults:3 :

Portals:
Trove: Vaults:1 (give 2 scrolls of acquirement)

Annotations:
D:5 2 transporters, Vadun's ghost, novice MfGl
Vaults:3 3 runed translucent doors


Innate Abilities, Weirdness & Mutations

You have a pair of horns on your head.
You reflexively headbutt those who attack you in melee.


Message History

You kill the orc knight!
Trog accepts your kill.
You slice the orc warlord!! You burn the orc warlord!
You kill the orc warlord!
Trog accepts your kill.
You barely miss the orc warlord. You hit the orc knight.
You burn the orc knight.
Your Evocations skill increases to level 1!
The orc sorcerer shouts, "You are history!"
The orc sorcerer casts a spell at you. The bolt of fire hits you. You resist.
The orc high priest completely misses you.
The orc knight hits you with a +0 dire flail!!
The orc knight hits you with a +1 war axe!!
Things that are here:
a +0 battleaxe; a +0 plate armour You hit the orc high priest.
You burn the orc high priest. You headbutt the orc high priest!
The orc high priest is heavily wounded.
You closely miss the orc knight. You slice the orc knight!!
You burn the orc knight. You closely miss the orc knight.
You slice the orc warlord!! You burn the orc warlord.
The orc knight hits you with a +0 dire flail!!
The orc knight hits you with a +1 war axe!!
The orc warlord hits you with a +0 long sword of electrocution!!
The orc high priest hits you but does no damage.
The orc knight hits you but does no damage.
You chop the orc high priest into pieces!!!
You burn the orc high priest.
You kill the orc high priest!
Trog accepts your kill.
You barely miss the orc knight. You slice the orc warlord!!
You burn the orc warlord. You cut the orc knight into ribbons!!!
You burn the orc knight! You slash the orc knight! You burn the orc knight.
The orc knight hits you with a +0 great mace!!
* * * LOW HITPOINT WARNING * * *
The orc knight hits you with a +0 dire flail!
* * * LOW HITPOINT WARNING * * *
The orc warlord hits you with a +0 long sword of electrocution!!
You die...

#########
#.......#
#.......###
#.......#≈≈
#.......#≈#######
#.......#~#)..$.#
#.......#.o@o..$#
#.......#.ooo.$.#
+...^...'.)....$#
#.......#≈#...$.#
#.......#≈#######
#.......#≈≈
#.......####
#.......#
##########'##


You could see an orc warlord (strong), 3 orc knights and an orc sorcerer
(strong).

Vanquished Creatures
  Saint Roka (Orc:2)
  Zenata (Vaults:2)
  Jorgrun (Orc:1)
  3 deep elf blademasters
  Polyphemus (Shoals:2)
  2 deep elf master archers (Elf:3)
  The ghost of solopath the Shatterer, an adept OnBe of Trog (Orc:2)
  2 krakens
  An Executioner (Abyss:2)
  2 tentacled starspawn (Abyss:1)
  Aizul (Elf:3)
  2 fire giants (Vaults:1)
  Ilsuiw (Shoals:4)
  Roxanne (Elf:2)
  4 deep elf sorcerers
  9 vault wardens
  3 emperor scorpions (Spider:4)
  An imperial myrmidon (Desolation)
  5 ghost moths
  Louise (Spider:1)
  7 deep elf elementalists
  A draconian scorcher (Abyss:2)
  14 ironbound preservers
  4 broodmothers
  3 orc warlords
  3 formless jellyfish
  A very ugly thing (Vaults:2)
  5 ironbound thunderhulks
  Nessos (D:12)
  7 deep elf demonologists
  4 deep elf death magi (Elf:3)
  9 deep elf annihilators
  Azrael (Spider:2)
  2 dire elephants
  A war gargoyle (Vaults:1)
  A minotaur (Gauntlet)
  4 spark wasps
  A white draconian (Abyss:2)
  A halazid warlock (Desolation)
  Snorg (Orc:1)
  An eidolon (Vaults:2)
  2 crystal guardians
  3 merfolk javelineers
  10 merfolk impalers
  An ettin (D:15)
  2 ragged hierophants (Desolation)
  A jiangshi (Vaults:2)
  A fire dragon (Volcano)
  Erolcha (D:10)
  The ghost of gummybears the Summoner, a journeyman FeSu of Kikubaaqudgha (D:14)
  12 entropy weavers
  5 great orbs of eyes
  4 peacekeepers
  4 vault guards
  Josephine (Orc:1)
  2 deep elf high priests (Elf:3)
  7 yaktaur captains
  11 hydras
  Erica (Orc:1)
  An ogre mage (D:15)
  4 jorogumos
  An alligator snapping turtle (Shoals:4)
  7 centaur warriors
  A catoblepas (Shoals:2)
  2 death scarabs (Spider:3)
  6 radroaches
  5 boulder beetles
  3 merfolk avatars
  9 ironbound frosthearts
  4 satyrs
  2 merfolk aquamancers (Shoals:4)
  A hell hog (Lair:5)
  11 two-headed ogres
  28 dancing weapons
  19 death yaks
  9 demonic crawlers
  Urug (D:11)
  5 tengu warriors
  8 orc high priests
  3 thrashing horrors
  A fire crab (Lair:5)
  2 skysharks
  14 deep elf knights
  A sixfirhy (Abyss:1)
  42 deep trolls
  6 pharaoh ants
  8 deep elf archers
  11 sea snakes
  9 orb spiders
  3 arcanists
  4 sun moths
  11 lindwurms
  15 orc knights
  Pikel (D:9)
  11 ironbound convokers
  15 deep elf pyromancers
  2 necromancers
  10 steelbarb worms
  27 deep elf zephyrmancers
  23 wolf spiders
  15 harpies
  14 fauns
  4 orc sorcerers
  6 cyclopes
  3 salamanders (Volcano)
  3 ugly things
  An oklob plant (Lair:5)
  Maurice (Orc:1)
  11 manticores
  4 moths of wrath
  8 merfolk sirens
  An apocalypse crab (Abyss:1)
  Joseph (D:7)
  4 kobold blastminers
  8 vault sentinels
  2 guardian serpents (Desolation)
  4 meliai
  17 elephants
  A molten gargoyle (Desolation)
  2 centaur zombies (D:10)
  8 black mambas
  2 gargoyles
  A rust devil (Abyss:2)
  A cane toad (shapeshifter) (D:14)
  7 water nymphs
  Maggie (D:8)
  13 cane toads
  A kobold demonologist (D:10)
  7 torpor snails
  9 komodo dragons
  23 yaktaurs
  3 rime drakes
  2 efreet
  A freezing wraith (D:14)
  2 unseen horrors
  An unseen horror zombie (D:10)
  2 yaktaur skeletons (Vaults:3)
  A tengu conjurer (D:14)
  33 merfolk
  An ancient zyme (Abyss:1)
  10 trolls
  12 polar bears
  A wind drake (shapeshifter) (D:13)
  A tengu simulacrum (Vaults:3)
  A harpy skeleton (Abyss:2)
  8 saltlings (Desolation)
  6 wind drakes
  Prince Ribbit (D:7)
  4 hornets
  26 tarantellas
  2 raiju (Lair:5)
  A fire dragon zombie (Abyss:2)
  A human simulacrum (Vaults:3)
  11 dream sheep
  A meliai zombie (D:10)
  17 blink frogs
  16 snapping turtles
  15 slime creatures
  An air elemental (Elf:3)
  26 culicivoras
  42 jumping spiders
  7 wraiths
  6 water elementals
  51 yaks
  8 wyverns
  5 fire elementals
  A hog (shapeshifter) (Spider:1)
  3 ynoxinuls
  8 basilisks
  3 fire bats (Volcano)
  13 starcursed masses
  10 wargs
  7 vampire mosquitoes
  A neqoxec (Abyss:2)
  2 steam dragons
  55 redbacks
  3 acid dragons
  14 water moccasins
  17 hell hounds
  A water moccasin (shapeshifter) (D:15)
  53 orc warriors
  An ice beast (D:6)
  A sky beast (D:8)
  15 black bears
  15 ogres
  A laughing skull (Vaults:2)
  24 wolves
  A phantom (D:6)
  2 boggarts (Vaults:1)
  11 centaurs
  2 lemures (D:9)
  4 kobold brigands
  9 bullfrogs
  4 earth elementals (Elf:3)
  2 necrophages (D:10)
  3 scorpions
  8 wights
  9 killer bees
  2 electric eels
  8 howler monkeys
  3 bombardier beetles
  A quasit (Abyss:1)
  A human zombie (D:10)
  A hound (D:5)
  33 orc priests
  Crazy Yiuf (D:7)
  4 iguanas
  An iron imp (Abyss:1)
  2 sleepcaps
  Ijyb (D:3)
  23 orc wizards
  3 mummies (D:10)
  A howler monkey zombie (D:10)
  7 gnolls
  7 adders
  2 shadow imps
  A white imp (D:8)
  2 dart slugs
  A ribbon worm (D:2)
  124 orcs
  5 endoplasms
  7 giant cockroaches
  8 hobgoblins
  6 quokkas
  6 ball pythons
  2 bats
  3 frilled lizards
  8 goblins
  16 kobolds
  7 rats
  2 starspawn tentacles (Abyss:1)
1641 creatures vanquished.

Vanquished Creatures (collateral kills)
  An orc warrior (D:14)
  An orc (D:14)
2 creatures vanquished.

Vanquished Creatures (others)
  A redback (Spider:1)
  2 starspawn tentacles (Abyss:1)
3 creatures vanquished.

Grand Total: 1646 creatures vanquished

Notes
Turn   | Place    | Note
-------+----------+-------------------------------------------
     0 | D:1      | case the Minotaur Berserker began the quest for the Orb.
     0 | D:1      | Reached XP level 1. HP: 19/19 MP: 0/0
   173 | D:1      | Reached XP level 2. HP: 20/27 MP: 1/1
   647 | D:2      | Reached XP level 3. HP: 33/33 MP: 2/2
  1350 | D:2      | Reached skill level 5 in Axes
  1499 | D:3      | Noticed a scorpion
  1507 | D:3      | Killed a scorpion
  1508 | D:3      | Reached XP level 4. HP: 41/41 MP: 3/3
  1523 | D:3      | Found Napuetia's Armour Shop.
  1577 | D:3      | Found a shimmering blue altar of Sif Muna.
  1853 | D:3      | Reached skill level 5 in Fighting
  1853 | D:3      | Reached XP level 5. HP: 48/48 MP: 4/4
  1911 | D:3      | Reached ** piety under Trog
  1979 | D:3      | Noticed Ijyb
  2029 | D:3      | Killed Ijyb
  2270 | D:4      | Noticed a black bear
  2278 | D:4      | Killed a black bear
  2279 | D:4      | Reached XP level 6. HP: 42/57 MP: 5/5
  2447 | D:4      | Noticed a water moccasin
  2454 | D:4      | Killed a water moccasin
  2533 | D:4      | Found Etytsuxu's Gadget Gallery.
  2732 | D:4      | Found a burning altar of Makhleb.
  2732 | D:4      | Noticed a balrug
  2823 | D:4      | Reached XP level 7. HP: 62/63 MP: 6/6
  2869 | D:4      | Found a stormy altar of Qazlal.
  2874 | D:4      | Found a transporter.
  2883 | D:4      | Found a transporter.
  3004 | D:3      | Bought a scarf of repulsion for 156 gold pieces
  3004 | D:3      | Bought a +0 pair of boots for 58 gold pieces
  3144 | D:5      | Entered Level 5 of the Dungeon
  3176 | D:5      | Found a bloodstained altar of Trog.
  3252 | D:5      | Found a sacrificial altar of Ru.
  3458 | D:5      | Noticed Vadun's ghost (novice MfGl)
  3476 | D:5      | Found a transporter.
  3477 | D:5      | Found a transporter.
  3512 | D:5      | Reached XP level 8. HP: 73/73 MP: 7/7
  3560 | D:5      | Reached skill level 10 in Axes
  3844 | D:5      | Reached *** piety under Trog
  3965 | D:6      | Found a sparkling altar of Nemelex Xobeh.
  4034 | D:6      | Noticed a two-headed ogre
  4041 | D:6      | Killed a two-headed ogre
  4042 | D:6      | Reached XP level 9. HP: 83/83 MP: 8/8
  4321 | D:6      | Found a staircase to the Ecumenical Temple.
  4931 | D:7      | Noticed Prince Ribbit
  4939 | D:7      | Killed Prince Ribbit
  4940 | D:7      | Reached skill level 10 in Fighting
  4983 | D:7      | Noticed Joseph
  5009 | D:8      | Found a flagged portal.
  5028 | Bailey   | Entered a bailey
  5261 | Bailey   | Reached XP level 10. HP: 89/93 MP: 9/9
  5269 | Bailey   | Reached **** piety under Trog
  5359 | Bailey   | Reached skill level 15 in Axes
  5651 | D:8      | Found Niabuz's Antique Weapon Boutique.
  5712 | D:7      | Killed Joseph
  6027 | D:7      | Reached skill level 5 in Armour
  6074 | D:7      | Identified the +10 dagger of Tenacity {freeze, Dex+5}
  6169 | D:7      | Found a runed translucent door.
  6170 | D:7      | Noticed Crazy Yiuf
  6249 | D:7      | Killed Crazy Yiuf
  6472 | D:8      | Noticed Maggie
  6493 | D:8      | Killed Maggie
  6683 | D:8      | Found an iron altar of Okawaru.
  7007 | D:9      | Found a staircase to the Lair.
  7017 | D:9      | Noticed Pikel
  7027 | D:9      | Killed Pikel
  7032 | D:9      | Reached XP level 11. HP: 90/99 MP: 10/10
  7041 | D:9      | Identified 3 scrolls of acquirement
  7041 | D:9      | Acquired the ring of Icvo {+Blink rF+ rC+ rN+ Will+}
  7448 | D:9      | Found an ornate altar of the Wu Jian Council.
  7715 | D:10     | Entered Level 10 of the Dungeon
  7839 | D:10     | Noticed a +0 dagger
  7839 | D:10     | Noticed a +0 dagger
  7843 | D:10     | Found a hide-covered altar of Uskayaw.
  7886 | D:10     | Noticed a sixfirhy
  7944 | D:10     | Found a hazy altar of Hepliaklqana.
  7961 | D:10     | Noticed a two-headed ogre
  7969 | D:10     | Killed a two-headed ogre
  8092 | D:10     | Noticed Erolcha
  8098 | D:10     | Killed Erolcha
  8355 | D:10     | Found a basalt altar of Yredelemnul.
  8586 | D:10     | Reached ***** piety under Trog
  8957 | D:11     | Noticed a two-headed ogre
  8962 | D:11     | Killed a two-headed ogre
  9108 | D:11     | Found a staircase to the Orcish Mines.
  9115 | D:11     | Noticed Urug
  9124 | D:11     | Killed Urug
  9125 | D:11     | Reached XP level 12. HP: 106/106 MP: 11/11
  9422 | D:11     | Acquired 846 gold pieces
  9502 | Lair:1   | Entered Level 1 of the Lair of Beasts
  9959 | Lair:1   | Reached skill level 10 in Armour
 10531 | Lair:2   | Found a staircase to the Shoals.
 10546 | Lair:2   | Acquired 781 gold pieces
 10651 | Lair:2   | Identified the +2 flail of Conscience {freeze, rC+}
 11170 | Lair:3   | Reached XP level 13. HP: 115/122 MP: 12/12
 11337 | Lair:3   | Found a hole to the Spider Nest.
 11747 | Lair:3   | Reached skill level 15 in Fighting
 12340 | Lair:4   | Reached ****** piety under Trog
 12653 | Lair:4   | Reached skill level 15 in Armour
 12810 | Lair:4   | Found a viscous altar of Jiyva.
 12810 | Lair:4   | Found a staircase to the Slime Pits.
 12845 | Lair:5   | Entered Level 5 of the Lair of Beasts
 12845 | Lair:5   | Found a dark tunnel.
 12890 | Volcano  | Entered a volcano
 13021 | Volcano  | Reached XP level 14. HP: 138/138 MP: 13/13
 13022 | Volcano  | Received a gift from Trog
 13417 | Lair:5   | Identified the +5 great sword of Luhotinkego {elec, rF+
                  | Dex+2}
 13932 | Lair:5   | Received a gift from Trog
 14461 | Lair:5   | Acquired 893 gold pieces
 14561 | Lair:5   | Reached XP level 15. HP: 151/152 MP: 14/14
 14802 | Orc:1    | Entered Level 1 of the Orcish Mines
 14824 | Orc:1    | Noticed Erica
 14833 | Orc:1    | Killed Erica
 14858 | Orc:1    | Noticed Snorg
 14882 | Orc:1    | Killed Snorg
 14921 | Orc:1    | Received a gift from Trog
 15053 | Orc:1    | Noticed Jorgrun
 15069 | Orc:1    | Killed Jorgrun
 15178 | Orc:1    | Noticed Maurice
 15182 | Orc:1    | Killed Maurice
 15463 | Orc:2    | Entered Level 2 of the Orcish Mines
 15537 | Orc:2    | Found a staircase to the Elven Halls.
 15636 | Orc:2    | Found a large runed translucent door.
 15637 | Orc:2    | Found a large runed translucent door.
 15641 | Orc:2    | Noticed solopath's ghost (adept OnBe)
 15951 | Orc:2    | Found Tawaojiz's Weapon Shoppe.
 16003 | Orc:2    | Noticed Saint Roka
 16030 | Orc:2    | Killed Saint Roka
 16056 | Orc:2    | Identified the +6 battleaxe "Imianaeh" {antimagic, Str+3}
                  | (Trog gifted it to you on level 2 of the Orcish Mines)
 16056 | Orc:2    | Received a gift from Trog
 16102 | Orc:2    | Found Jewnab's Assorted Antiques.
 16125 | Orc:2    | Bought a scroll of enchant armour for 150 gold pieces
 16125 | Orc:2    | Bought a plate armour for 460 gold pieces
 16227 | Orc:2    | Found Izuimoen's Antique Armour Emporium.
 16361 | Orc:2    | Found Imocva Qesk's Antique Weapon Emporium.
 16363 | Orc:2    | Found Kutacir's Antique Armour Shoppe.
 16411 | Orc:2    | Killed solopath's ghost
 16463 | Orc:1    | Noticed Josephine
 16471 | Orc:1    | Killed Josephine
 16690 | Shoals:1 | Entered Level 1 of the Shoals
 16799 | D:12     | Noticed Nessos
 16811 | D:12     | Killed Nessos
 17227 | D:12     | Found a gate leading to a gauntlet.
 17346 | Gauntlet | Entered a Gauntlet
 17346 | Gauntlet | Found a transporter.
 17346 | Gauntlet | Found a transporter.
 17349 | Gauntlet | Found a transporter.
 17349 | Gauntlet | Found a transporter.
 17351 | Gauntlet | Found a transporter.
 17387 | Gauntlet | Found a transporter.
 17389 | Gauntlet | Found a transporter.
 17389 | Gauntlet | Found a transporter.
 17408 | Gauntlet | Found a transporter.
 17425 | Gauntlet | Found a transporter.
 17432 | Gauntlet | Found a transporter.
 17458 | Gauntlet | Found a transporter.
 17550 | Gauntlet | Found a transporter.
 17602 | Gauntlet | Identified the +9 trident "Ynkas" {holy, rElec rN+ Dex-3}
 17632 | Gauntlet | Identified the ring "Usiczo" {rF+ Str+6}
 17634 | Gauntlet | Identified the +6 hand cannon of Evil {freeze, rCorr SInv}
 17645 | Gauntlet | Identified the ring "Nuis" {^Drain rPois rC+ Will+}
 17655 | Gauntlet | Identified the ring "Libb" {rF+ Dex+3}
 17658 | Gauntlet | Identified the +4 kite shield of the Lich-sworn {rPois rC+}
 17660 | Gauntlet | Identified the +0 ring mail of Eternity {*Corrode Str+6
                  | Dex+5}
 18058 | D:13     | Received a gift from Trog
 18823 | D:14     | Found a gate to the Vaults.
 18846 | D:14     | Identified the +6 quarterstaff of Wisoll {heavy, *Corrode
                  | rElec rPois Str+2}
 18849 | D:14     | Found an iron altar of Okawaru.
 18928 | D:14     | Reached XP level 16. HP: 158/160 MP: 15/15
 19014 | D:14     | Found a runed translucent gate.
 19014 | D:14     | Found a runed translucent gate.
 19014 | D:14     | Found a runed translucent gate.
 19014 | D:14     | Noticed gummybears's ghost (journeyman FeSu)
 19203 | D:14     | Found Xeted's Book Shop.
 19517 | D:14     | Killed gummybears's ghost
 19533 | D:14     | Identified the +1 pair of gloves of Dunejed {rElec Will+
                  | Str-2 Dex+3}
 19536 | D:14     | Identified the +2 acid dragon scales "Finwij" {-Cast
                  | Rampage rPois Regen+ rCorr}
 19795 | Shoals:1 | Found Hynoch's Antique Weapon Shoppe.
 20184 | Shoals:1 | Received a gift from Trog
 20462 | Shoals:2 | Noticed Polyphemus
 20475 | Shoals:2 | Killed Polyphemus
 20912 | Shoals:3 | Noticed a kraken
 20923 | Shoals:3 | Killed a kraken
 21009 | Shoals:3 | Received a gift from Trog
 21022 | Shoals:3 | Reached skill level 5 in Dodging
 21455 | Shoals:4 | Entered Level 4 of the Shoals
 21487 | Shoals:4 | Noticed Ilsuiw
 21538 | Shoals:4 | Acquired the +0 pair of boots of Truth {rPois rCorr}
 21642 | Shoals:4 | Reached XP level 17. HP: 169/171 MP: 16/16
 21815 | Shoals:4 | Killed Ilsuiw
 21940 | Shoals:4 | Received a gift from Trog
 22405 | Shoals:4 | Noticed a kraken
 22413 | Shoals:4 | Killed a kraken
 22422 | Shoals:4 | Got a barnacled rune of Zot
 22555 | Spider:1 | Entered Level 1 of the Spider Nest
 22717 | Spider:1 | Noticed Louise
 22738 | Spider:1 | Killed Louise
 22738 | Spider:1 | Received a gift from Trog
 22993 | Spider:1 | Identified the +1 robe of the Nexus {Rampage Regen+ Str+3
                  | Archmagi}
 23252 | Spider:1 | Identified the +1 tower shield of the Heron {*Slow rElec
                  | rF- rN+++}
 23734 | Spider:2 | Noticed Azrael
 23742 | Spider:2 | Killed Azrael
 23776 | Spider:2 | Received a gift from Trog
 23828 | Spider:2 | Reached XP level 18. HP: 150/185 MP: 5/17
 25409 | Spider:3 | Received a gift from Trog
 25672 | Spider:3 | Acquired the +1 hat of Noon {rF+ rC+ Dex+4 Slay+3}
 25775 | Spider:4 | Entered Level 4 of the Spider Nest
 25782 | Spider:4 | Reached skill level 10 in Dodging
 25853 | Spider:4 | Identified the +0 chain mail of Sunlight {rPois Dex+6
                  | Slay-4 Stlth+}
 26308 | D:15     | Entered Level 15 of the Dungeon
 26469 | D:15     | Found a staircase to the Depths.
 26515 | D:15     | Received a gift from Trog
 26908 | Elf:1    | Entered Level 1 of the Elven Halls
 26920 | Elf:1    | Identified the +4 whip of Midwinter {vamp, rElec Will+
                  | Int+2}
 27061 | Elf:1    | Reached XP level 19. HP: 198/199 MP: 18/18
 27171 | Elf:1    | Identified the +5 orcbow of Warr {elec, rF+ rC- rN+ Str+2}
 27274 | Elf:1    | Found Jiusa's Weapon Shoppe.
 27274 | Elf:1    | Found Surici Dion's Armour Emporium.
 27279 | Elf:1    | Found Gumetosm's Antique Armour Shoppe.
 27300 | Elf:1    | Bought a masterwork plate armour for 1008 gold pieces
 27300 | Elf:1    | Identified the +9 plate armour "Aloudunk" {rPois Int+3
                  | Dex-3} (You bought it in a shop on level 1 of the Elven
                  | Halls)
 28014 | Elf:2    | Noticed Roxanne
 28024 | Elf:2    | Killed Roxanne
 28306 | Elf:2    | Found Urhyitoe's Distillery.
 28309 | Elf:2    | Bought a potion of might for 52 gold pieces
 28309 | Elf:2    | Bought a potion of cancellation for 104 gold pieces
 28309 | Elf:2    | Bought a potion of cancellation for 104 gold pieces
 28309 | Elf:2    | Bought a potion of curing for 39 gold pieces
 28515 | Elf:2    | Found a runed translucent gate.
 28515 | Elf:2    | Found a runed translucent gate.
 28515 | Elf:2    | Found a runed translucent gate.
 28545 | Elf:2    | Received a gift from Trog
 28656 | Abyss:1  | Cast into level 1 of the Abyss (deep elf zephyrmancer)
 28849 | Abyss:2  | Found a corrupted altar of Lugonu.
 28946 | Elf:2    | Escaped the Abyss
 29179 | Elf:2    | Received a gift from Trog
 29339 | Elf:3    | Entered Level 3 of the Elven Halls
 29347 | Elf:3    | Found Xewk's Weapon Shoppe.
 29444 | Elf:3    | Identified the serpent talisman of the Stone Wall {Str+5}
 29444 | Elf:3    | Noticed Aizul
 29451 | Elf:3    | Killed Aizul
 29554 | Elf:3    | Identified the staff of the Crafting Bear {*Slow rC+ Dex+4
                  | Hexes Ice}
 29557 | Elf:3    | Identified the +8 scimitar "Duezam" {venom, Stlth+}
 29557 | Elf:3    | Identified the +1 robe "Xasok" {+Inv rElec rC- Dex-3}
 29557 | Elf:3    | Identified the ring "Gacueti" {rC+ rN++ Str+3}
 29580 | Elf:3    | Reached XP level 20. HP: 213/213 MP: 19/19
 29604 | Elf:3    | Identified the +4 falchion of Pexotei {freeze, *Noise Str+2
                  | Dex+2}
 29624 | Elf:3    | Identified the +0 pair of gloves "Vipoac" {Harm Rampage rF+
                  | Will++}
 29692 | Elf:3    | Identified the +1 long sword of Summertime {freeze, Str+3}
 29828 | Elf:3    | Received a gift from Trog
 29924 | Elf:3    | Paralysed by an air elemental for 1 turns
 30743 | Spider:4 | Identified the +1 pair of gloves "Zumooges" {Dex+2}
 30757 | Spider:4 | Got a gossamer rune of Zot
 30950 | Spider:4 | Received a gift from Trog
 31412 | Vaults:1 | Entered Level 1 of the Vaults
 31588 | Vaults:1 | Found Riylar's Assorted Antiques.
 31600 | Vaults:1 | Found a portal to a secret trove of treasure.
 31792 | Vaults:1 | Reached skill level 27 in Fighting
 31912 | Vaults:1 | Received a gift from Trog
 32179 | Vaults:1 | Paralysed by a formless jellyfish for 1 turns
 32354 | Vaults:2 | Found a crumbling gateway.
 32370 | Desolati | Entered the Desolation of Salt
 32452 | Desolati | Identified the amulet "Roupn" {Acrobat Int+3}
 32778 | Vaults:2 | Noticed Zenata
 32787 | Vaults:2 | Killed Zenata
 32788 | Vaults:2 | Reached XP level 21. HP: 152/224 MP: 20/20
 32930 | Vaults:2 | Found a staircase to the Crypt.
 33088 | Vaults:2 | Received a gift from Trog
 33166 | Vaults:2 | Reached skill level 15 in Dodging
 33422 | Vaults:2 | Reached skill level 27 in Axes
 33717 | Vaults:3 | Found Doily's Book Emporium.
 33893 | Vaults:3 | Received a gift from Trog
 34145 | Vaults:3 | Found a runed translucent gate.
 34145 | Vaults:3 | Found a runed translucent gate.
 34145 | Vaults:3 | Found a runed translucent gate.
 34526 | Vaults:3 | Reached skill level 1 in Evocations
 34528 | Vaults:3 | Slain by an orc warlord

Illustrated notes

Levels and vault maps discovered:
D:1:      enne_arrival_octagon_isle, layout_rooms, bh_walls_and_bars
D:2:      layout_basic, minmay_worlds_worst_comb
D:3:      layout_loops_ring, nicolae_sif_muna_condensation, serial_shops,
          nicolae_shop_scrapyard, serial_forest, infiniplex_forest_lined_3,
          infiniplex_forest_corner_1, infiniplex_forest_lined_3,
          infiniplex_forest_clump_curved, infiniplex_forest_clump_diagonal,
          infiniplex_forest_fountain, infiniplex_forest_end_3,
          infiniplex_forest_lined_3, infiniplex_forest_end_2, uniq_ijyb
D:4:      layout_loops_corners, grunt_temple_overflow_gold_and_silver,
          gammafunk_temple_overflow_arena, makhleb_altar_promises_db,
          minivault_14, nicolae_shop_gadgets
D:5:      layout_gridville, trog_ov_bears_minmay,
          mainiacjoe_overflow_cross_hatched, gammafunk_ghost_gnarly_gnolls
D:6:      layout_basic, nemelex_xobeh_ov_fountains_minmay,
          minmay_temple_entry_statues
D:7:      layout_gridville, nicolae_twisty_statue_hallways, uniq_prince_ribbit1,
          uniq_crazy_yiuf_cottage, uniq_joseph
D:8:      layout_loops_ring, mainiacjoe_overflow_24_doors, enter_bailey_5,
          kennysheep_windowed_goal, uniq_maggie
D:9:      layout_roguey, nicolae_wu_jian_wuxing_cycle, dpeg_oklobed_lair,
          uniq_pikel
D:10:     layout_loops_corners, dancing_weapons_uskayaw, lemuel_tele_altar,
          lemuel_mausoleum_altar_yredelemnul, uniq_erolcha
D:11:     layout_roguey, orc_david_3, uniq_urug
D:12:     layout_loops_corners, gauntlet_entry_generic, uniq_nessos
D:13:     layout_loops_ring, hangedman_decor_riveting
D:14:     layout_basic, david_vaults_5, serial_shops,
          nicolae_shop_gibbet_a_chance, biasface_ghost_orc_armoury,
          grunt_ministairs_9, okawaru_gym_becter
D:15:     hangedman_depths_entry_civil_slaughter, layout_rooms
Lair:1:   layout_cave_pods, chequers_serial_rivers_micro_a,
          infiniplex_staircase_pool, grunt_megastairs_1
Lair:2:   layout_big_grid, nicolae_shoals_entry_roost, lemuel_fruit_fields,
          grunt_megastairs_3
Lair:3:   layout_cave_pods, spider_nest_entry_rubble, grunt_megastairs_2
Lair:4:   layout_long_grid, dpeg_slime_entry_enclosed, serial_bayou_crossing
Lair:5:   hangedman_lair_in_review, layout_hall_layers,
          hangedman_lair_caniforms_friends, nicolae_volcano_entry_hallway,
          st_stairs_7, serial_bayou_pond_c, minmay_lair_oklob_items,
          infiniplex_staircase_pool_2
Shoals:1: layout_shoals, nicolae_shoals_lost_giant_baths,
          nicolae_take_the_stairs
Shoals:2: layout_shoals, uniq_polyphemus
Shoals:3: layout_shoals
Shoals:4: shoals_end_hangedman, layout_shoals, shoals_ilsuiw_alternative,
          nicolae_shoals_dead_sea_scrolls
Spider:1: layout_cave_pods, hellmonk_deceptive_appearances, uniq_louise
Spider:2: layout_spider_delve, uniq_azrael
Spider:3: nicolae_spider_hilbert_zone_7 [nicolae_spider_hilbert_4_sides_1_open,
          nicolae_spider_hilbert_4_sides_1_open,
          nicolae_spider_hilbert_4_sides_1_open,
          nicolae_spider_hilbert_4_sides_1_open,
          nicolae_spider_hilbert_3_sides_1_open,
          nicolae_spider_hilbert_3_sides_1_open,
          nicolae_spider_hilbert_3_sides_1_open,
          nicolae_spider_hilbert_3_sides_1_open,
          nicolae_spider_hilbert_4_sides_1_open,
          nicolae_spider_hilbert_4_sides_1_open,
          nicolae_spider_hilbert_4_sides_1_open,
          nicolae_spider_hilbert_2_sides_1_open,
          nicolae_spider_hilbert_2_sides_1_open,
          nicolae_spider_hilbert_2_sides_1_open,
          nicolae_spider_hilbert_2_sides_1_open,
          nicolae_spider_hilbert_2_sides_1_open,
          nicolae_spider_hilbert_2_sides_1_open], drop_trap
Spider:4: grunt_spider_rune_island, hangedman_spider_tarantella_strand
Orc:1:    layout_caves, basic_altar, minmay_orc_temple_c, uniq_snorg,
          uniq_jorgrun, uniq_maurice, uniq_josephine, uniq_erica
Orc:2:    grunt_orc_community_town_hall, layout_caves,
          grunt_orc_community_big_house_2, grunt_orc_community_big_house_1,
          grunt_orc_community_house_3, grunt_orc_community_house_3,
          grunt_orc_community_house_1, grunt_orc_community_house_3,
          ebering_ghost_disaster_area, serial_shops, shop
Elf:1:    minmay_elf_arrival_summoners, layout_geoelf_octagon,
          nicolae_elf_blasts_and_bolts,
          serial_library_regret_index_branch_corner, nicolae_elf_m_pinch,
          minmay_shop_star
Elf:2:    nicolae_elf_blades_splatter_lattice
          [nicolae_blade_entry_area_security], layout_onion_city, serial_shops,
          shop, serial_sigils_hangedman_writhe, uniq_roxanne
Elf:3:    grunt_elf_hall_diamonds, layout_geoelf_grid, serial_shops, shop,
          kennysheep_underground_church, uniq_aizul
Vaults:1: ontoclasm_vaults_chip, nicolae_vaults_security_offices_1,
          nicolae_vaults_weapon_check, nicolae_vaults_alarming,
          vaults_dpeg_cross, dpeg_vaults_monster_row, vaults_room_door_hall,
          v_pattern_1, layout_vaults_omnibox, nicolae_trove_entry_diagonal,
          serial_shops, shop
Vaults:2: portal_desolation_entry_twin_temple, minmay_crypt_entry_simple_walls,
          grunt_vaults_hallway_long, nicolae_vaults_border_crossing, v_misc_16,
          nicolae_vaults_closet_pinwheel_6, nicolae_vaults_network_star,
          ontoclasm_vaults_chip, vaults_room_hallway, dpeg_vaults_monster_box,
          ontoclasm_vaults_eye, nicolae_vaults_tetromino_L_1,
          grunt_vaults_focal, layout_vaults_chaotic_city, uniq_zenata
Vaults:3: gammafunk_ghost_necromancy, hangedman_vaults_nails,
          lightli_church_of_beogh, v_misc_26, v_alt_pattern_6, v_misc_4,
          vaults_room_fours, vaults_room_fancy_cross, minmay_orc_keep,
          nicolae_vaults_asterisk, nicolae_vaults_diagonal_hallway_8,
          nicolae_vaults_storage_room_statues, nicolae_vaults_tetromino_T_1,
          layout_vaults_maze_bifur, serial_shops, shop_coins

Skill      XL: |  1  2  3  4  5  6  7  8  9 10 11 12 13 14 15 16 17 18 19 20 21 |
---------------+----------------------------------------------------------------+-----
Axes           | 4 5 6 7 8 9 12 14 17 20 21 24 26 27 | 27.0
Fighting       | 4 5 6 7 9 10 13 16 19 20 22 24 26 27 | 27.0
Armour         | 7 12 16 17 18 19 20 21 22 23 | 23.6
Dodging        | 5 8 11 13 14 16 | 16.2
Evocations     | 1 |  1.0

Action                     |  1- 3 |  4- 6 |  7- 9 | 10-12 | 13-15 | 16-18 | 19-21 || total
---------------------------+-------+-------+-------+-------+-------+-------+-------++-------
  Melee: Hand axe          |    95 |    89 |       |       |       |       |       ||   184
         Headbutt          |    13 |    17 |    36 |    70 |   142 |   220 |   230 ||   728
         Punch             |     2 |       |     3 |     2 |       |       |       ||     7
         War axe           |       |     7 |   220 |   102 |       |       |       ||   329
         Broad axe         |       |       |       |    49 |       |       |       ||    49
         Glaive            |       |       |       |    31 |       |       |       ||    31
         Battleaxe         |       |       |       |   288 |   343 |       |       ||   631
         Executioner's axe |       |       |       |       |   410 |  1035 |   858 ||  2303
 Invoke: Berserk           |     1 |     1 |     3 |     6 |     4 |     2 |     2 ||    19
         Trog's Hand       |       |       |     1 |     2 |     9 |    10 |    15 ||    37
         Brothers in Arms  |       |       |       |       |       |     1 |       ||     1
  Evoke: Wand              |       |       |       |       |       |       |     3 ||     3
    Use: Scroll            |     4 |     2 |     4 |    14 |    17 |    20 |     5 ||    66
         Potion            |       |       |       |       |       |     1 |       ||     1
   Stab: Petrifying        |       |       |       |       |       |     3 |       ||     3
         Petrified         |       |       |       |       |       |     2 |       ||     2
         Distracted        |       |       |       |       |       |       |     1 ||     1
 Armour: Animal skin       |    29 |       |       |       |       |       |       ||    29
         Ring mail         |    28 |    73 |   223 |   323 |       |       |       ||   647
         Plate armour      |       |       |       |    52 |   724 |    35 |       ||   811
         Acid dragon scale |       |       |       |       |       |   890 |   512 ||  1402
  Dodge: Dodged            |    61 |    61 |   165 |   246 |   257 |   610 |   494 ||  1894
         Repelled          |       |       |       |     4 |     3 |    15 |    20 ||    42
